AoeStats
← Star

Lombardia

509891675Analyzed
4v4 RM · 2d ago on Sep 28, 2026· 35m 58s· 8 players
Game mode
Random Map
Map size
Large (8 player)
Population
200
Speed
Normal
Resources
Standard
Victory
Conquest
Starting age
Dark Age
Ending age
Imperial Age
RankedLock teamsTeams togetherTeam positionsShared explorationLock speedFull tech treeHidden civsTurbo modeCheats
Victory
Defeat
🇯🇵 Mongols · Japan
1448
+3
🇨🇳 Franks · China
982
+17
🇨🇳 Italians · China
943
+18
🇨🇳 Bohemians · China
904
+20
🇹🇼 Spanish · Taiwan
1069
-17
🇷🇺 Wu · Russia
1037
-15
🇹🇼 Teutons · Taiwan
1001
-13
🇦🇹 Celts · Austria
994
-13
B O M B E R
8:41 Loom
11:18 Feudal Age
12:45 Man-at-Arms
18:41 Castle Age
16:39 Arson
18:04 Scale Mail Armor
19:26 Squires
20:42 Long Swordsman
21:37 Forging
21:32 Double-Bit Axe
24:59 Bow Saw
32:37 Padded Archer Armor
35:07 Red Cliffs Tactics
只會5TC
11:31 Feudal Age
15:35 Castle Age
14:57 Stone Mining
16:29 Loom
23:11 Double-Bit Axe
26:19 Bow Saw
27:26 Padded Archer Armor
28:00 Husbandry
28:10 Bloodlines
29:00 Leather Archer Armor
32:08 Wheelbarrow
[AUT] Sniper
y852963741
店小贰
7:59 Feudal Age
8:12 Loom
8:56 Double-Bit Axe
13:26 Forging
13:07 Horse Collar
17:19 Wheelbarrow
20:58 Castle Age
19:36 Gold Mining
19:38 Stone Mining
19:58 Fletching
20:09 Padded Archer Armor
20:42 Bloodlines
21:57 Bow Saw
21:50 Bodkin Arrow
22:11 Leather Archer Armor
22:02 Husbandry
25:50 Ballistics
30:25 Gold Shaft Mining
30:30 Stone Shaft Mining
31:03 Leather Archer Armor
32:49 Heavy Plow
35:33 Imperial Age
36:26 Hand Cart
35:55 Elite Mangudai
36:57 Conscription
子厚
10:29 Feudal Age
10:58 Double-Bit Axe
11:38 Loom
17:38 Castle Age
18:55 Coinage
20:27 Gold Mining
25:26 Imperial Age
26:42 Banking
32:07 Wheelbarrow
31:18 Town Watch
31:44 Bow Saw
36:27 Hand Cart
36:14 Town Patrol
Star
5:35 Loom
12:19 Feudal Age
16:32 Castle Age
14:54 Forging
14:50 Scale Barding Armor
14:48 Double-Bit Axe
16:05 Bloodlines
17:24 Gold Mining
17:42 Fletching
27:34 Imperial Age
26:15 Scale Mail Armor
26:51 Iron Casting
26:23 Horse Collar
26:56 Bow Saw
26:49 Squires
27:14 Arson
27:50 Chain Mail Armor
30:22 Blast Furnace
30:37 Plate Mail Armor
31:42 Conscription
32:08 Bodkin Arrow
32:02 Treadmill Crane
5km
4:49 Loom
13:26 Feudal Age
18:12 Castle Age
18:35 Double-Bit Axe
18:31 Horse Collar
19:31 Coinage
Connection lost

Rejoining the realm…

Still unreachable

The connection could not be restored.

Session expired

The server has moved on; the page needs a fresh start.